 Dungeon Crawl Stone Soup version 0.29.1-1-gd02db6906a (webtiles) character file.

Game seed: 8461267379684152902

86886 catfood the Executioner (level 15, -16/147 HPs)
             Began as a Minotaur Berserker on Sept 21, 2022.
             Was an Elder of Trog.
             Killed from afar by a raiju (20 damage)
             ... with a living lightning
             ... on level 1 of the Abyss.
             The game lasted 01:36:16 (27236 turns).

catfood the Executioner (Minotaur Berserker)       Turns: 27236, Time: 01:36:16

Health: -16/147    AC: 30    Str: 27    XL:     15   Next: 42%
Magic:  0/14       EV:  9    Int:  3    God:    Trog [****..]
Gold:   662        SH:  0    Dex: 15    Spells: 14/14 levels left

rFire   . . .      SeeInvis .   Z - +7 battleaxe "Magheral" {vorpal, rPois rC+ rN+}
rCold   + . .      Faith    .   (shield currently unavailable)
rNeg    + . .      Spirit   +   l - +6 plate armour
rPois   +          Reflect  .   W - +0 hat {Will+}
rElec   .          Harm     .   (no cloak)
rCorr   .          Rampage  .   h - +0 pair of gloves
Will    ++++.                   H - +0 pair of boots
Stlth   ..........              T - amulet of guardian spirit
HPRegen 1.34/turn               V - +4 ring of protection
MPRegen 0.14/turn               (no ring)

@: mighty, strong-willed, on berserk cooldown, regenerating, slowed, very slow
A: horns 2, retaliatory headbutt, fangs 1, agile 1
a: Renounce Religion, Berserk, Trog's Hand, Brothers in Arms


You were on level 1 of the Abyss.
You worshipped Trog.
Trog was greatly pleased with you.
You visited 3 branches of the dungeon, and saw 17 of its levels.
You visited the Abyss 2 times.

You collected 1144 gold pieces.
You spent 482 gold pieces at shops.

Inventory:

Hand Weapons
 a - a +5 hand axe of protection
 B - a +2 dagger of distortion
 E - a +1 vampiric dagger
 O - a +1 vorpal battleaxe
 S - the +7 war axe of Cruel Justice {vorpal, Fly Str+7 Int+3}
   (You found it on level 1 of the Lair of Beasts)

   It inflicts extra damage upon your enemies.
   Str:       It affects your strength (+7).
   Int:       It affects your intelligence (+3).
   Fly:       It grants you flight.
 Z - the +7 battleaxe "Magheral" (weapon) {vorpal, rPois rC+ rN+}
   (Trog gifted it to you on level 4 of the Lair of Beasts)

   It inflicts extra damage upon your enemies.
   rC:        It protects you from cold.
   rPois:     It protects you from poison.
   rN:        It protects you from negative energy.
Missiles
 e - a throwing net (quivered)
Armour
 h - a +0 pair of gloves (worn)
 l - a +6 plate armour (worn)
 y - the -1 helmet "Ysuaheos" {Int+5 Dex+3}
   (You found it on level 10 of the Dungeon)

   Int:       It affects your intelligence (+5).
   Dex:       It affects your dexterity (+3).
 H - a +0 pair of boots (worn)
 M - a +2 ring mail of cold resistance
 W - a +0 hat of willpower (worn)
Jewellery
 C - an amulet of the acrobat
 D - an amulet of guardian spirit
 G - a ring of wizardry
 N - an amulet of faith
 T - an amulet of guardian spirit (around neck)
 V - a +4 ring of protection (left hand)
Wands
 f - a wand of flame (8)
 j - a wand of polymorph (8)
 z - a wand of quicksilver (4)
 I - a wand of iceblast (8)
 Q - a wand of paralysis (4)
Scrolls
 c - 7 scrolls of fear
 d - 9 scrolls of teleportation
 i - 6 scrolls of noise
 k - 2 scrolls of vulnerability
 m - 4 scrolls of fog
 o - 5 scrolls of magic mapping
 p - 3 scrolls of blinking
 q - 2 scrolls of poison
 r - 2 scrolls of identify
 t - 3 scrolls of amnesia
 v - 3 scrolls of silence
 x - a scroll of summoning
 A - 2 scrolls of immolation
 R - a scroll of enchant weapon
 Y - a scroll of torment
Potions
 g - a potion of mutation
 n - 3 potions of brilliance
 s - 2 potions of berserk rage
 u - 6 potions of curing
 w - 5 potions of ambrosia
 F - 4 potions of haste
 K - 2 potions of flight
 L - 3 potions of cancellation
 X - a potion of lignification
Miscellaneous
 P - a phial of floods


   Skills:
 + Level 17.1 Fighting
 * Level 23.1 Axes
 + Level 16.2 Armour
 - Level 2.2 Dodging


You had 14 spell levels left.
You didn't know any spells.
Your spell library contained the following spells:

 Spells                   Type           Power      Damage    Failure   Level
 Ignite Poison            Fire/Tmut/Pois 0%         N/A       100%        3
 Mephitic Cloud           Conj/Pois/Air  0%         N/A       100%        3
 Freezing Cloud           Conj/Ice/Air   0%         6-21      100%        5


Dungeon Overview and Level Annotations

Branches:
Dungeon (11/15)            Temple (0/1) D:6            Lair (5/5) D:11
 Shoals (0/4) Lair:3       Spider (0/4) Lair:3        Slime (1/5) Lair:4
    Orc (0/2) D:11

Altars:
Ashenzari
Dithmenos
Fedhas
Hepliaklqana
Kikubaaqudgha
Makhleb
Nemelex Xobeh
Sif Muna
Xom
The Shining One
Lugonu

Shops:
D:9 *

Portals:
Abyss: D:10 Lair:5

Annotations:
D:10 2 transporters, unrecovered's ghost, journeyman OpCj


Innate Abilities, Weirdness & Mutations

You have a pair of horns on your head.
You reflexively headbutt those who attack you in melee.
You have very sharp teeth.
You are agile. (Dex +4, Str/Int -1)


Message History

* * * LOW HITPOINT WARNING * * *
The living lightning misses the raiju.
The raiju blinks!
The golden eye blinks at you. You resist with almost no effort.
The golden eye blinks at you. You resist with almost no effort.
Okay, then.
You are too berserk!
A golden eye comes into view.
You feel a strong urge to attack something.
The golden eye turns its gaze towards you.
The golden eye blinks at you. You resist with almost no effort.
The golden eye blinks at you. You resist with almost no effort.
The raiju bites you but does no damage. x2
You feel your anger nearly subside.
You are no longer berserk.
You are exhausted.
You feel yourself slow down. The golden eye blinks at you.
You resist with almost no effort. The golden eye blinks at you.
You resist with almost no effort. The raiju bites you.
* * * LOW HITPOINT WARNING * * *
The raiju shocks you!
* * * LOW HITPOINT WARNING * * *
The raiju closely misses you.
You slice the raiju!!
The raiju is almost dead.
You barely miss the raiju.
You slice the golden eye like a ripe choko!!!
You kill the golden eye!
Trog accepts your kill.
You barely miss the golden eye.
The golden eye blinks!
The raiju misses you. The raiju bites you but does no damage.
You feel very mighty all of a sudden. The golden eye blinks at you.
You resist with almost no effort.
The golden eye blinks!
The raiju bursts into living lightning!
The living lightning hits you!!
You die...

. . # . ## #... . # .
#.. ..#..# #..
...#..# # #.. . ..#
.#. #... #..#
...§.#+######..#
..§............# #
.....§..@G#..).### #
#
.......hh...†.......
................ ...
......G..............
....................#
............)∩.......
#################..#
## .. ... . . . . #2
.. . . .# ..


You could see 2 raiju and 2 golden eyes.

Vanquished Creatures
  2 liches (Abyss:1)
  2 tentacled starspawn (Abyss:1)
  Gastronok (D:11)
  An azure jelly (Slime:1)
  12 starcursed masses (Abyss:1)
  A balrug (Abyss:1)
  A quicksilver ooze (Slime:1)
  A green death (Abyss:1)
  A rakshasa (Abyss:1)
  Erolcha (D:9)
  4 boulder beetles
  5 hydras
  4 catoblepae
  3 thrashing horrors
  A hell knight (Abyss:1)
  A sixfirhy (Abyss:1)
  A shadow wraith (Abyss:1)
  3 wretched stars (Abyss:1)
  2 lindwurms
  3 ugly things (Lair:5)
  3 worldbinders (Abyss:1)
  Maurice (D:8)
  A dire elephant zombie (Abyss:1)
  13 elephants
  A merfolk siren (Lair:3)
  An apocalypse crab (Abyss:1)
  8 black mambas
  A rust devil (Abyss:1)
  2 orange demons (Abyss:1)
  13 cane toads
  3 rime drakes
  2 torpor snails
  Psyche (D:8)
  3 kobold demonologists
  An unseen horror (D:10)
  A demonic crawler (Abyss:1)
  10 komodo dragons
  A freezing wraith (Abyss:1)
  A hellwing (Abyss:1)
  3 ancient zymes
  A troll (D:11)
  3 merfolk (Lair:3)
  A tyrant leech (Lair:1)
  2 polar bears
  A harpy skeleton (Abyss:1)
  5 hornets
  14 blink frogs
  6 raiju (Abyss:1)
  3 jumping spiders (Lair:2)
  13 spriggans
  A shadow (D:9)
  5 ynoxinuls
  7 wyverns
  5 basilisks
  A wraith (Abyss:1)
  55 yaks
  3 chaos spawn
  A golden eye (Abyss:1)
  A redback (Lair:2)
  2 steam dragons (D:7)
  A neqoxec (Abyss:1)
  2 wargs (D:11)
  Menkaure (D:6)
  9 large abominations
  3 swamp worms (Lair:1)
  20 water moccasins
  5 orc warriors
  A black bear (shapeshifter) (Lair:5)
  3 black bears
  2 ice beasts
  3 boggarts (Lair:4)
  3 ogres
  9 centaurs
  20 wolves
  A phantom (D:4)
  20 bullfrogs
  5 kobold brigands
  A gnoll sergeant (D:11)
  6 scorpions
  A necrophage (D:4)
  23 small abominations
  7 wights
  17 killer bees
  An electric eel (D:8)
  6 howler monkeys
  2 quasits (Abyss:1)
  A hound (D:4)
  3 jellies
  2 gnoll boudas
  6 orc priests
  An iguana (D:5)
  2 iron imps (Abyss:1)
  Jessica (D:3)
  8 orc wizards
  12 gnolls
  7 adders
  A white imp (D:7)
  An ufetubus (Abyss:1)
  3 worms
  4 dart slugs
  33 orcs
  10 ball pythons
  9 endoplasms
  A giant cockroach (D:1)
  12 goblins
  8 hobgoblins
  8 jackals (D:2)
  3 quokkas
  9 bats
  3 frilled lizards (D:3)
  34 kobolds
  8 rats
  2 butterflies (Lair:1)
  A lurking horror (Abyss:1)
  A plant (Lair:2)
  3 starspawn tentacles (Abyss:1)
619 creatures vanquished.

Vanquished Creatures (collateral kills)
  A catoblepas (Lair:2)
  A lindwurm (Lair:2)
  2 komodo dragons (Lair:1)
  A rime drake (Lair:2)
  An efreet (Abyss:1)
  A blink frog (Lair:2)
  A basilisk (Lair:3)
  A yak (Lair:1)
  5 wolves (Lair:2)
  2 lava snakes (Lair:2)
  5 starcursed masses (Abyss:1)
21 creatures vanquished.

Vanquished Creatures (others)
  A small abomination (Abyss:1)
  67 fungi
  74 plants
  7 starspawn tentacles (Abyss:1)
149 creatures vanquished.

Grand Total: 789 creatures vanquished

Notes
Turn   | Place    | Note
-------+----------+-------------------------------------------
     0 | D:1      | catfood the Minotaur Berserker began the quest for the Orb.
     0 | D:1      | Reached XP level 1. HP: 19/19 MP: 0/0
    79 | D:1      | Reached skill level 4 in Axes
   101 | D:1      | Reached XP level 2. HP: 24/27 MP: 1/1
  1125 | D:2      | Reached XP level 3. HP: 33/33 MP: 2/2
  1128 | D:2      | Reached ** piety under Trog
  1271 | D:2      | Reached skill level 5 in Axes
  1524 | D:2      | Gained mutation: You are agile. (Dex +4, Str/Int -1)
                  | [potion of mutation]
  1524 | D:2      | Gained mutation: You have very sharp teeth. [potion of
                  | mutation]
  1569 | D:3      | Reached XP level 4. HP: 30/41 MP: 3/3
  1897 | D:3      | Found a faded altar of an unknown god.
  1901 | D:3      | Found a burning altar of Makhleb.
  1942 | D:3      | Noticed Jessica
  1961 | D:3      | Killed Jessica
  2093 | D:3      | Reached skill level 6 in Axes
  2099 | D:3      | Reached skill level 5 in Fighting
  2099 | D:3      | Reached XP level 5. HP: 29/48 MP: 4/4
  2314 | D:3      | Found a glowing golden altar of the Shining One.
  2734 | D:4      | Reached *** piety under Trog
  3025 | D:4      | Noticed a phantom
  3385 | D:4      | Killed a phantom
  3386 | D:4      | Reached skill level 7 in Axes
  3386 | D:4      | Reached XP level 6. HP: 52/57 MP: 5/5
  3804 | D:4      | Reached skill level 8 in Axes
  3804 | D:4      | Reached XP level 7. HP: 58/63 MP: 6/6
  4053 | D:4      | Found a shadowy altar of Dithmenos.
  4343 | D:5      | Entered Level 5 of the Dungeon
  4659 | D:5      | Found a broken altar of Ashenzari.
  5410 | D:6      | Reached skill level 9 in Axes
  5431 | D:6      | You fall into a shaft and drop 1 floor!
  5446 | D:7      | Noticed a wyvern
  5455 | D:7      | Killed a wyvern
  5456 | D:7      | Reached XP level 8. HP: 73/73 MP: 7/7
  5502 | D:7      | Reached skill level 10 in Axes
  5733 | D:7      | Reached skill level 5 in Armour
  5791 | D:6      | Noticed Menkaure
  5795 | D:6      | Killed Menkaure
  5891 | D:6      | Reached skill level 11 in Axes
  5947 | D:6      | Reached XP level 9. HP: 59/81 MP: 8/8
  5958 | D:6      | Reached **** piety under Trog
  6634 | D:6      | Found a sparkling altar of Nemelex Xobeh.
  6677 | D:6      | Found a blossoming altar of Fedhas.
  6810 | D:6      | Found a staircase to the Ecumenical Temple.
  7349 | D:7      | Found a hazy altar of Hepliaklqana.
  7352 | D:7      | Found a shimmering altar of Xom.
  7352 | D:7      | Found an ancient bone altar of Kikubaaqudgha.
  7354 | D:7      | Found a white marble altar of Elyvilon.
  7354 | D:7      | Found a shimmering altar of Xom.
  7354 | D:7      | Found a blossoming altar of Fedhas.
  7362 | D:7      | Reached skill level 12 in Axes
  8286 | D:8      | Found a hazy altar of Hepliaklqana.
  8547 | D:8      | Noticed Psyche
  8841 | D:8      | Reached skill level 13 in Axes
  8927 | D:8      | Killed Psyche
  8928 | D:8      | Reached XP level 10. HP: 93/93 MP: 9/9
  8971 | D:8      | Noticed Maurice
  8987 | D:8      | Killed Maurice
  9459 | D:8      | Reached skill level 10 in Fighting
  9633 | D:9      | Found Seegiur's Assorted Antiques.
 10469 | D:9      | Reached skill level 14 in Axes
 10922 | D:9      | Noticed Erolcha
 10934 | D:9      | Killed Erolcha
 10957 | D:9      | Found a shimmering blue altar of Sif Muna.
 11155 | D:9      | Bought a glowing ring mail for 161 gold pieces
 11155 | D:9      | Bought a scroll of enchant weapon for 172 gold pieces
 11155 | D:9      | Bought a battleaxe for 149 gold pieces
 11241 | D:10     | Entered Level 10 of the Dungeon
 11268 | D:10     | Reached XP level 11. HP: 98/102 MP: 10/10
 11329 | D:10     | Reached skill level 15 in Axes
 11631 | D:10     | Found a transporter.
 11636 | D:10     | Noticed unrecovered's ghost (journeyman OpCj)
 11636 | D:10     | Noticed a thrashing horror
 11637 | D:10     | Found a one-way gate to the infinite horrors of the Abyss.
 11650 | D:10     | Found a transporter.
 11653 | D:10     | Noticed a thrashing horror
 12011 | D:10     | Identified the -1 helmet "Ysuaheos" {Int+5 Dex+3}
 13171 | D:10     | Reached skill level 10 in Armour
 13794 | D:11     | Found a staircase to the Lair.
 14228 | D:11     | Noticed Gastronok
 14241 | D:11     | Killed Gastronok
 14432 | D:11     | Reached ***** piety under Trog
 14433 | D:11     | Reached skill level 16 in Axes
 14511 | D:11     | Found a staircase to the Orcish Mines.
 15028 | Lair:1   | Entered Level 1 of the Lair of Beasts
 15337 | Lair:1   | Noticed a seven-headed hydra
 15348 | Lair:1   | Killed an eight-headed hydra
 15359 | Lair:1   | Reached XP level 12. HP: 107/113 MP: 11/11
 15366 | Lair:1   | Reached skill level 17 in Axes
 15547 | Lair:1   | Identified the +7 war axe of Cruel Justice {vorpal, Fly
                  | Str+7 Int+3}
 16007 | Lair:2   | Noticed a catoblepas
 16019 | Lair:2   | Killed a catoblepas
 16024 | Lair:2   | Reached skill level 18 in Axes
 16251 | Lair:2   | Found a runed translucent door.
 17340 | Lair:2   | Reached XP level 13. HP: 109/123 MP: 12/12
 17344 | Lair:2   | Identified the +7 whip "Xaupis" {antimagic, rPois rN+
                  | Will+}
 17614 | Lair:2   | Found a runed translucent gate.
 17614 | Lair:2   | Found a runed translucent gate.
 17614 | Lair:2   | Found a runed translucent gate.
 17614 | Lair:2   | Found a runed translucent gate.
 17615 | Lair:2   | Found a runed translucent gate.
 17617 | Lair:2   | Found a runed translucent gate.
 17640 | Lair:2   | Reached skill level 19 in Axes
 18230 | Lair:3   | Received a gift from Trog
 18560 | Lair:3   | Found a hole to the Spider Nest.
 19116 | Lair:3   | Found a staircase to the Shoals.
 19637 | Lair:3   | Reached skill level 20 in Axes
 20231 | Lair:4   | Reached skill level 15 in Fighting
 20615 | Lair:4   | Identified the +7 battleaxe "Magheral" {vorpal, rPois rC+
                  | rN+} (Trog gifted it to you on level 4 of the Lair of
                  | Beasts)
 20615 | Lair:4   | Received a gift from Trog
 20632 | Lair:4   | Found a staircase to the Slime Pits.
 20919 | Lair:4   | Reached XP level 14. HP: 126/135 MP: 11/13
 22012 | Slime:1  | Entered Level 1 of the Pits of Slime
 22088 | Slime:1  | Noticed an azure jelly
 22095 | Slime:1  | Killed an azure jelly
 22097 | Slime:1  | Noticed a quicksilver ooze
 22102 | Slime:1  | Killed a quicksilver ooze
 22103 | Slime:1  | Reached skill level 21 in Axes
 22103 | Slime:1  | Noticed an acid blob
 22127 | Slime:1  | HP: 4/135 [acid blob/splash of acid (19)]
 22135 | Slime:1  | HP: 2/135 [acid blob/splash of acid (5)]
 23005 | Lair:5   | Entered Level 5 of the Lair of Beasts
 23547 | Lair:5   | HP: 6/136 [large abomination (10)]
 23900 | Lair:5   | Reached skill level 15 in Armour
 24001 | Lair:5   | Found a corrupted altar of Lugonu.
 24040 | Lair:5   | Voluntarily entered the Abyss.
 24106 | Abyss:1  | Noticed a balrug
 24115 | Abyss:1  | Killed a balrug
 24120 | Abyss:1  | Noticed a tentacled starspawn
 24133 | Abyss:1  | Killed a tentacled starspawn
 24311 | Abyss:1  | Found a corrupted altar of Lugonu.
 24389 | Abyss:1  | Noticed a lich
 24396 | Abyss:1  | Killed a lich
 24478 | Abyss:1  | Reached skill level 22 in Axes
 24509 | Abyss:1  | Noticed a tentacled starspawn
 24520 | Abyss:1  | Killed a tentacled starspawn
 24520 | Abyss:1  | Noticed a starcursed mass
 24527 | Lair:5   | Escaped the Abyss
 25376 | Lair:5   | Reached XP level 15. HP: 114/145 MP: 12/14
 26436 | Lair:5   | Voluntarily entered the Abyss.
 26599 | Abyss:1  | Paralysed by accursed screaming for 1 turns
 26833 | Abyss:1  | Paralysed by accursed screaming for 1 turns
 27062 | Abyss:1  | Noticed a lich
 27072 | Abyss:1  | Killed a lich
 27145 | Abyss:1  | Reached skill level 23 in Axes
 27231 | Abyss:1  | HP: 7/220 [raiju/living lightning (5)]
 27234 | Abyss:1  | HP: 1/147 [raiju (5)]
 27236 | Abyss:1  | Killed from afar by a raiju

Illustrated notes

Levels and vault maps discovered:
D:1:      dpeg_arrival_line_fractal, layout_basic, serial_forest,
          infiniplex_forest_straight_2, infiniplex_forest_lined_room_3,
          infiniplex_forest_clump_small, infiniplex_forest_clump_small,
          st_stairs_9
D:2:      layout_basic, minmay_quantized
D:3:      layout_rooms, nicolae_overflow_ecumenical_swirl,
          mainiacjoe_overflow_paths, grunt_ministairs_6, uniq_jessica
D:4:      kennysheep_spiral_hall, layout_cave_pools,
          nicolae_dithmenos_through_a_glass_darkly, serial_column_ruins,
          column_ruins_square_medium, column_ruins_hut_pillars,
          column_ruins_open_tiny, column_ruins_open_small,
          column_ruins_columns_straight, column_ruins_columns_plus,
          column_ruins_open_tiny, column_ruins_corridor_dead_end,
          column_ruins_open_small, st_stairs_10, minivault_19
D:5:      layout_loops_ring, mainiacjoe_overflow_concentric_impassable,
          serial_co_window_serial, co_window_paths_a, co_window_paths_a,
          co_window_of_opportunity_a, co_window_corner_a, co_window_paths_a,
          co_window_paths_c, co_window_cross_3, co_window_of_opportunity_c,
          co_window_2corner, co_window_unsneaky_path_e, co_window_broadway_b,
          co_window_corner_b, co_window_paths_d, glass_columns_a,
          hangedman_decor_push
D:6:      nicolae_cairo_tiling, layout_loops_cross,
          mainiacjoe_overflow_catch_the_wave, minmay_temple_entry_nine_rooms,
          chequers_arboretum, dk_noncrumbling_2, uniq_menkaure
D:7:      layout_loops_ring, doesnt_xom_only_xom, minmay_puff
D:8:      layout_basic, kennysheep_little_box, serial_corexii_hall,
          chequers_hall_statues_wall_a, corexii_hall_statues_l, uniq_maurice,
          uniq_psyche
D:9:      layout_basic, led_sif_book, serial_shops,
          nicolae_shop_overgrown_old_shop, uniq_erolcha
D:10:     layout_irregular_city, gammafunk_ghost_abyssal_escape
D:11:     layout_rooms, due_lair_maze_entry_diamond, erik_orc_3, uniq_gastronok
Lair:1:   layout_roguey, worms_lemuel, lemuel_fruit_fields
Lair:2:   gammafunk_indiana_jones, layout_misc_corridors, columned_hall_lemuel,
          grunt_forest_large_clearings, serial_bayou_shore_b
Lair:3:   layout_roguey, elwin_shoals_entry_stream, spider_nest_entry_web_field
Lair:4:   kb_forest_paths, layout_small_grid, slime_entry_1, grunt_megastairs_4
Lair:5:   hellmonk_lair_end_abyssal_woods, layout_cave_pods,
          gauntlet_entry_generic, serial_bayou_shore_b, grunt_megastairs_1
Slime:1:  layout_caves, nicolae_slime_barrier
Abyss:1:  base: Temple, spicy_abyss_pitcher_plant, base: Vaults:1, minivault_24,
          minivault_24, hangedman_abyss_sting

Skill      XL: |  1  2  3  4  5  6  7  8  9 10 11 12 13 14 15 |
---------------+----------------------------------------------+-----
Axes           | 4 5 6 7 8 9 11 13 14 16 18 20 22 23 | 23.1
Fighting       | 4 5 6 7 8 9 11 12 13 15 16 17 | 17.1
Armour         | 4 6 8 9 11 12 14 15 16 | 16.2
Dodging        | |  2.2

Action                   |  1- 3 |  4- 6 |  7- 9 | 10-12 | 13-15 || total
-------------------------+-------+-------+-------+-------+-------++-------
Melee: Hand axe          |    83 |   108 |   280 |   126 |       ||   597
       Headbutt          |    10 |    21 |    53 |   111 |   163 ||   358
       Bite              |     2 |    13 |    27 |    78 |    89 ||   209
       Punch             |       |     1 |     5 |     6 |     5 ||    17
       Battleaxe         |       |       |       |   259 |   397 ||   656
       War axe           |       |       |       |   145 |   276 ||   421
Invok: Berserk           |     1 |     3 |     4 |     4 |     8 ||    20
       Brothers in Arms  |       |       |     1 |     4 |     8 ||    13
       Trog's Hand       |       |       |       |       |     2 ||     2
  Use: Potion            |     4 |     5 |     4 |     2 |     6 ||    21
       Scroll            |       |       |    27 |     6 |     6 ||    39
 Stab: Petrifying        |       |       |       |     1 |       ||     1
       Distracted        |       |       |       |       |     1 ||     1
Armor: Animal skin       |     6 |       |       |       |       ||     6
       Ring mail         |    22 |    15 |       |       |       ||    37
       Plate armour      |       |    53 |   210 |   355 |   437 ||  1055
       Skin              |       |       |     1 |       |       ||     1
Dodge: Dodged            |    53 |    51 |   107 |   201 |   214 ||   626
